 Dungeon Crawl Stone Soup version 0.29-a0-841-g116ddc6ace (webtiles) character file.

Game seed: 15842441093824726418

2481 RevDB the Cleaver (level 9, -6/79 HPs)
             Began as a Minotaur Fighter on July 14, 2022.
             Was a Follower of Nemelex Xobeh.
             Mangled by an orc warrior
             ... wielding a +0 halberd
              (19 damage)
             ... in a bailey.
             The game lasted 00:46:10 (6326 turns).

RevDB the Cleaver (Minotaur Fighter)                Turns: 6326, Time: 00:46:16

Health: -6/79      AC: 11    Str: 23    XL:     9   Next: 27%
Magic:  8/8        EV:  8    Int:  5    God:    Nemelex Xobeh [*.....]
Gold:   401        SH:  5    Dex: 12    Spells: 8/8 levels left

rFire   . . .      SeeInvis .   a - +0 war axe
rCold   . . .      Faith    .   c - +0 buckler
rNeg    . . .      Spirit   .   f - +0 chain mail
rPois   .          Reflect  .   (helmet restricted)
rElec   .          Harm     .   g - scarf {repulsion}
rCorr   .          Rampage  .   (no gloves)
Will    .....                   h - +0 pair of boots
Stlth   ..........              (no amulet)
HPRegen 0.23/turn               (no ring)
MPRegen 0.11/turn               (no ring)

@: repel missiles
A: horns 2, retaliatory headbutt
a: Renounce Religion, Draw Escape, Draw Destruction, Draw Summoning


You were in a bailey.
You worshipped Nemelex Xobeh.
Nemelex Xobeh was aware of your devotion.
You visited 2 branches of the dungeon, and saw 8 of its levels.
You also visited: Bailey.

You collected 466 gold pieces.
You spent 65 gold pieces at shops.

Inventory:

Hand Weapons
 a - a +0 war axe (weapon)
Missiles
 j - 9 boomerangs
 k - 6 poisoned darts
 l - 43 stones (quivered)
 n - 6 atropa-tipped darts
 u - 5 curare-tipped darts
Armour
 b - a +0 scale mail
 c - a +0 buckler (worn)
 f - a +0 chain mail (worn)
 g - a scarf of repulsion (worn)
 h - a +0 pair of boots (worn)
Wands
 C - a wand of roots (9)
 D - a wand of flame (22)
 E - a wand of polymorph (5)
Scrolls
 e - 4 scrolls of enchant weapon
 i - 2 scrolls of vulnerability
 o - a scroll of immolation {unknown}
 q - 2 scrolls of noise
 r - a scroll of fear {unknown}
 t - 4 scrolls of enchant armour
 y - 2 scrolls of teleportation
 B - a scroll of acquirement {unknown}
Potions
 d - a potion of might
 m - a potion of curing
 p - 2 potions of heal wounds
 s - 2 potions of degeneration {unknown}
 v - 2 potions of mutation {unknown}
 w - a potion of brilliance {unknown}
 x - a potion of flight {unknown}
 z - 2 potions of haste {unknown}
 A - 2 potions of resistance {unknown}


   Skills:
 + Level 7.3 Fighting
 - Level 11.0 Axes
 - Level 5.0 Throwing
 - Level 6.0 Armour
 - Level 2.0 Dodging
 - Level 4.0 Shields
 + Level 0.0 Invocations


You had 8 spell levels left.
You didn't know any spells.
Your spell library contained the following spells:

 Spells                   Type           Power      Damage    Failure   Level
 Apportation              Tloc           0%         N/A       99%         1
 Necrotise                Necr           0%         1d4       99%         1
 Sandblast                Erth           0%         2d4       99%         1
 Summon Small Mammal      Summ           0%         N/A       99%         1
 Passwall                 Tmut/Erth      0%         N/A       100%        2
 Stone Arrow              Conj/Erth      0%         3d7       100%        3
 Animate Dead             Necr           0%         N/A       100%        4
 Hailstorm                Conj/Ice       0%         3d3       100%        4
 Ice Form                 Ice/Tmut       0%         N/A       100%        4
 Borgnjor's Vile Clutch   Necr/Erth      0%         N/A       100%        5
 Death Channel            Necr           0%         N/A       100%        6
 Simulacrum               Ice/Necr       0%         N/A       100%        6


Dungeon Overview and Level Annotations

Branches:
Dungeon (7/15)             Temple (1/1) D:4          Bailey (1/1)

Altars:
Ashenzari
Cheibriados
Elyvilon
Fedhas
Kikubaaqudgha
Nemelex Xobeh
Okawaru
Qazlal
Ru
Sif Muna
Uskayaw
Vehumet
Wu Jian
Xom
Yredelemnul
Zin

Shops:
D:5 ([*!


Innate Abilities, Weirdness & Mutations

You have a pair of horns on your head.
You reflexively headbutt those who attack you in melee.


Message History

Aiming: Vitriol
Press: ? - help, Shift-Dir - straight line, f - orc
Aim: an orc, wielding a +0 spear The bolt of acid hits the orc!
The acid corrodes the orc!
You kill the orc!
The bolt of acid hits the orc!
The acid corrodes the orc!
You kill the orc!
The bolt of acid hits the orc.
The acid corrodes the orc!
You kill the orc!
There is an open door here.
The orc warrior hits you with a +0 glaive!!
You barely miss the orc warrior. Your headbutt misses the orc warrior.
You hit the orc warrior.
The orc warrior is moderately wounded.
The orc warrior hits you from afar with a +0 halberd!
The orc warrior barely misses you.
You draw a card...
You have drawn Wild Magic.
Dim flames ripple over the orc warrior's body!!
Sparks fly from the orc's hands!!
You kill the orc!
The orc is caught in an explosion of ice and frost!
You kill the orc!
The orc is engulfed in negative energy!!
The orc is drained!
You kill the orc!
There is a strange surge of energy around the orc warrior.
The orc warrior twists and deforms.
The orc is blasted with sand.
You kill the orc!
You feel a surge of magic.
The orc warrior hits you with a +0 glaive!!
The orc warrior hits you from afar with a +0 halberd!
* * * LOW HITPOINT WARNING * * *
You hit the orc warrior but do no damage.
Your headbutt misses the orc warrior.
The orc warrior is moderately wounded.
The orc warrior barely misses you. You furiously retaliate!
You headbutt the orc warrior, but do no damage.
The orc warrior hits you from afar with a +0 halberd!!
You die...
Your body glows slightly and disappears.

############ ######
##.∩..))....## ##.o...#
#....))#.....######..... #
#....)###...o#....#..##...+
#∩.....8....@'o)))))o8....+
#.....###....#)...#..##...+
#......#.....######..oo. #
##.∩........## ##.....#
############ ######


You could see 2 orc warriors.

Vanquished Creatures
  A water moccasin (D:5)
  2 orc warriors
  4 ice beasts
  An ogre (D:6)
  2 sky beasts
  4 phantoms
  A bullfrog (D:6)
  A necrophage (D:5)
  5 scorpions
  5 wights (D:7)
  An electric eel (D:7)
  2 howler monkeys
  3 hounds
  A jelly (D:7)
  An iguana (D:5)
  2 orc wizards (D:6)
  6 gnolls
  9 adders
  A white imp (D:6)
  2 ufetubi
  2 worms (D:2)
  2 dart slugs
  24 orcs
  3 endoplasms
  A giant cockroach (D:1)
  7 goblins
  6 hobgoblins
  2 jackals (D:1)
  5 quokkas
  11 ball pythons
  6 bats
  8 frilled lizards
  3 kobolds
  2 rats
136 creatures vanquished.

Vanquished Creatures (others)
  4 fungi (D:3)
4 creatures vanquished.

Grand Total: 140 creatures vanquished

Notes
Turn   | Place    | Note
-------+----------+-------------------------------------------
     0 | D:1      | RevDB the Minotaur Fighter began the quest for the Orb.
     0 | D:1      | Reached XP level 1. HP: 19/19 MP: 0/0
   251 | D:1      | Reached XP level 2. HP: 27/27 MP: 1/1
   346 | D:1      | Reached skill level 3 in Axes
  1118 | D:2      | Found a shimmering blue altar of Sif Muna.
  1152 | D:2      | Reached XP level 3. HP: 30/33 MP: 2/2
  1574 | D:2      | Reached skill level 4 in Axes
  1780 | D:3      | Reached XP level 4. HP: 37/40 MP: 3/3
  1786 | D:3      | Found a snail-covered altar of Cheibriados.
  1911 | D:3      | Found a white marble altar of Elyvilon.
  2006 | D:3      | Found a hide-covered altar of Uskayaw.
  2473 | D:4      | You fall into a shaft and drop 2 floors!
  2566 | D:5      | Entered Level 5 of the Dungeon
  2569 | D:5      | Noticed a phantom
  2578 | D:5      | Killed a phantom
  2579 | D:5      | Reached skill level 6 in Axes
  2579 | D:5      | Reached XP level 5. HP: 45/46 MP: 4/4
  2805 | D:4      | Reached skill level 5 in Fighting
  2862 | D:4      | Found a staircase to the Ecumenical Temple.
  2866 | Temple   | Entered the Ecumenical Temple
  2907 | Temple   | Became a worshipper of Nemelex Xobeh the Trickster
  2948 | D:4      | Reached XP level 6. HP: 56/56 MP: 5/5
  3482 | D:5      | Found Kinadusk's Assorted Antiques.
  3489 | D:5      | Reached skill level 1 in Throwing
  3492 | D:5      | Found Erea's Distillery.
  3494 | D:5      | Found Ysidalel's Antique Weapon Shoppe.
  3495 | D:5      | Found Mininawn's Antique Armour Shoppe.
  3510 | D:5      | Bought a potion of heal wounds for 65 gold pieces
  3572 | D:5      | Reached skill level 7 in Axes
  3636 | D:5      | Noticed a water moccasin
  3648 | D:5      | Killed a water moccasin
  3911 | D:5      | Noticed an ice beast
  3930 | D:5      | Killed an ice beast
  3931 | D:5      | Reached skill level 8 in Axes
  3931 | D:5      | Reached XP level 7. HP: 30/61 MP: 6/6
  4637 | D:6      | Reached skill level 9 in Axes
  4637 | D:6      | Reached XP level 8. HP: 49/73 MP: 7/7
  4976 | D:6      | Reached * piety under Nemelex Xobeh
  5050 | D:6      | Reached skill level 5 in Armour
  5257 | D:6      | Reached skill level 10 in Axes
  5404 | D:6      | Reached skill level 11 in Axes
  5426 | D:6      | Received a gift from Nemelex Xobeh
  5508 | D:6      | Reached XP level 9. HP: 68/79 MP: 8/8
  5726 | D:7      | Reached skill level 1 in Dodging
  5797 | D:7      | Found a flagged portal.
  5922 | Bailey   | Entered a bailey
  5985 | Bailey   | Reached skill level 5 in Throwing
  6326 | Bailey   | Mangled by an orc warrior

Illustrated notes

Levels and vault maps discovered:
D:1:      heliophobic_arrival_glass_houses, layout_loops_corners
D:2:      minmay_door_path, layout_basic, basic_altar
D:3:      minmay_general_purpose_star, layout_loops_ring,
          mainiacjoe_overflow_boulevard, elyvilon_altar_3, lemuel_round_altar,
          minmay_misc_feat_diagonals
D:4:      layout_basic, temple_statues
D:5:      layout_loops_ring, skrybe_limestone_x, minmay_shop_grid_forest
D:6:      layout_loops_corners
D:7:      corexii_shack_village, layout_basic, grunt_dithmenos_shadows,
          enter_bailey_2, kennysheep_minor_cross, nicolae_lava_and_water
Temple:   cyrus_circular_temple
Bailey:   bailey_polearm_5, bailey

Skill      XL: |  1  2  3  4  5  6  7  8  9 |
---------------+----------------------------+-----
Axes           | 3 4 6 8 9 11 | 11.0
Shields        | 4 |  4.0
Fighting       | 4 5 7 |  7.3
Armour         | 4 6 |  6.0
Throwing       | 2 3 5 |  5.0
Dodging        | 2 |  2.0

Action                   |  1- 3 |  4- 6 |  7- 9 || total
-------------------------+-------+-------+-------++-------
Melee: War axe           |    94 |   102 |   178 ||   374
       Headbutt          |    13 |    14 |    29 ||    56
Throw: Stone             |       |       |     3 ||     3
Invok: Draw Destruction  |       |       |     2 ||     2
  Use: Scroll            |       |     5 |     1 ||     6
       Potion            |       |     1 |       ||     1
Armor: Scale mail        |    30 |    11 |       ||    41
       Chain mail        |       |    28 |    67 ||    95
Dodge: Dodged            |    33 |    32 |    56 ||   121
       Repelled          |     1 |       |     1 ||     2
Block: Buckler           |    22 |    22 |    48 ||    92

Table legend: (Time is in decaauts)
 A = Elapsed time spent in this place.
 B = Non-inter-level travel time spent in this place.
 C = Inter-level travel time spent in this place.
 D = Time resting spent in this place.
 E = Time spent auto-exploring this place.
 F = Levels seen in this place.
 G = Mean time per level.
                   A        B        C        D        E       F      G
               +--------+--------+--------+--------+--------+-----+--------+
         Total |   6401 |   6202 |    199 |   1154 |   1606 |   9 |  711.2 |
       Dungeon |   5925 |   5726 |    199 |    840 |   1606 |   7 |  846.4 |
        Temple |     72 |     72 |      0 |      0 |      0 |   1 |   72.0 |
        Bailey |    403 |    403 |      0 |    314 |      0 |   1 |  403.0 |
               +--------+--------+--------+--------+--------+-----+--------+

Top non-repeatable levels by time:
     D:5: 1467 daAuts
     D:1: 979 daAuts
     D:6: 928 daAuts
     D:2: 818 daAuts
     D:4: 803 daAuts
     D:3: 723 daAuts
  Bailey: 403 daAuts
     D:7: 204 daAuts
  Temple: 72 daAuts
